 Dungeon Crawl Stone Soup version 0.32-a0-768-g0f6f1dd4b9 (webtiles) character file.

Game seed: 17161858424397819467

1671 Malificent the Basher (level 9, -7/72 (87) HPs)
             Began as an Oni Gladiator on Mar 18, 2024.
             Was a Priest of Nemelex Xobeh.
             Mangled by a wight
             ... wielding a +3 dire flail
              (10 damage)
             ... on level 6 of the Dungeon.
             The game lasted 00:16:38 (6959 turns).

Malificent the Basher (Oni Gladiator)               Turns: 6959, Time: 00:16:40

HP:   -7/72 (87)    AC:  5    Str: 24    XL:     9   Next: 1%
MP:   12/12         EV:  9    Int:  9    God:    Nemelex Xobeh [***...]
Gold: 372           SH:  0    Dex: 10    Spells: 8/8 levels left

rFire   . . .        t - +1 giant spiked club
rCold   . . .        (shield currently unavailable)
rNeg    . . .        b - +0 robe
rPois   .            c - +2 hat
rElec   .            (no cloak)
rCorr   .            (gloves unavailable)
SInv    .            (boots unavailable)
Will    .....        (no amulet)
Stlth   ++           (no ring)
HPRegen 0.32/turn    (no ring)
MPRegen 0.13/turn

%: no passive effects
@: heavily drained
A: large, unfitting armour, horns 1, tough skin 1, double potion healing,
drunken brawling
a: Renounce Religion, Draw Escape, Draw Destruction, Draw Summoning, Triple Draw


You were on level 6 of the Dungeon.
You worshipped Nemelex Xobeh.
Nemelex Xobeh was most pleased with you.
You visited 1 branch of the dungeon, and saw 6 of its levels.

You collected 372 gold pieces.

Inventory:

Hand Weapons
 a - a +1 flail
 f - a +0 great sword
 t - a +1 giant spiked club (weapon)
Missiles
 d - a throwing net (quivered)
 e - 6 boomerangs
 j - 7 poisoned darts
Armour
 b - a +0 robe (worn)
 c - a +2 hat (worn)
Magical Staves
 q - the staff "Udi Qeot" {rN+ Str+5 Int-5 Stlth+ Earth}
   (You found it on level 4 of the Dungeon)

   [staff of earth]

   Base accuracy: +5 Base damage: 5 Base attack delay: 1.2 This weapon's minimum
   attack delay (0.6) is reached at skill level 12.
   Str+5:     It affects your strength (+5).
   Int-5:     It affects your intelligence (-5).
   rN+:       It protects you from negative energy.
   Stlth+:    It makes you more stealthy.
   Earth:     It increases the power of your Earth spells.
   It falls into the 'Staves' category.
   It is a one-handed weapon.
Jewellery
 s - a ring of magical power
Wands
 i - a wand of warping (6)
Scrolls
 n - a scroll of revelation
 o - 2 scrolls of teleportation
Potions
 h - a potion of resistance
 k - a potion of lignification
 l - 2 potions of mutation
 m - a potion of magic
 p - 2 potions of enlightenment
 r - 2 potions of brilliance


   Skills:
 + Level 4.9 Fighting
 * Level 8.2(8.3) Maces & Flails
 + Level 1.8(5.5) Staves
 * Level 4.4 Throwing
 + Level 4.1 Dodging
 + Level 2.0 Stealth
 * Level 4.1 Invocations


You had 8 spell levels left.
You didn't know any spells.
Your spell library contained the following spells:

 Spells                   Type           Power      Damage    Failure   Level
 Apportation              Tloc           0%         N/A       38%         1
 Freeze                   Ice            0%         1d3       38%         1
 Necrotise                Necr           0%         1d4       38%         1
 Sting                    Conj/Alch      0%         1d3       38%         1
 Summon Small Mammal      Summ           0%         N/A       38%         1
 Mercury Vapours          Alch/Air       0%         N/A       52%         2
 Frozen Ramparts          Ice            0%         1d1       77%         3
 Hailstorm                Conj/Ice       0%         3d5       77%         3
 Stone Arrow              Conj/Erth      0%         3d7       77%         3
 Animate Armour           Summ/Erth      0%         N/A       99%         4
 Olgreb's Toxic Radiance  Alch           0%         N/A       99%         4
 Lehudib's Crystal Spear  Conj/Erth      0%         10d2      100%        8


Dungeon Overview and Level Annotations

Branches:
Dungeon (6/15)             Temple (0/1) D:4

Altars:
Ashenzari
Cheibriados
Fedhas
Hepliaklqana
Kikubaaqudgha
Nemelex Xobeh
Trog
Xom
Zin
The Shining One

Shops:
D:6 *


Innate Abilities, Weirdness & Mutations

You are too large for most types of armour.
You have a pair of small horns on your head.
You have tough skin. (AC +1)
You gain doubled healing and magic from potions.
Whenever you drink a healing potion, you attack all around you.


Message History

Found a scroll of identify.
The jelly quivers.
You see here a wand of warping (6).
i - a wand of warping (6)
The wight hits you with a +3 dire flail!
You feel drained.
You hit the jelly. The acid corrodes you!
Your hands burn!
You headbutt the jelly, but do no damage.
The jelly is moderately wounded.
The wight closely misses you. The jelly hits you.
You are splashed with acid!
You hit the jelly. The acid corrodes you!
Your hands burn!
The jelly is severely wounded.
The wight closely misses you. The jelly barely misses you.
You bludgeon the jelly!!
You kill the jelly!
The wight hits you with a +3 dire flail!
The wight completely misses you. The wight hits you with a +3 hand axe!
You feel drained.
* * * LOW HITPOINT WARNING * * *
You have reached level 9!
Your experience leads to an increase in your attributes!
Increase (S)trength, (I)ntelligence, or (D)exterity?
You feel stronger. x3
As you read the scroll of teleportation, it crumbles to dust.
You feel strangely unstable.
The wight hits you with a +3 dire flail!
* * * LOW HITPOINT WARNING * * *
You feel drained.
* * * LOW HITPOINT WARNING * * *
The wight hits you with a +3 hand axe.
* * * LOW HITPOINT WARNING * * *
You feel drained.
* * * LOW HITPOINT WARNING * * *
You feel strangely stable.
Your magical effects are unravelling.
You feel magically purged.
You are no longer corroded.
The wight hits you with a +3 dire flail!
You die...
Your body glows slightly and disappears.

....##. .......
.........?....#
..............##
##............. !
..=....#.....# ..
.......#.....# ...
......z......#...#
......z@.........#
......ß...ß......#
.................#
........<........#
...............#.O
..ß...∩...ß.#.##
#........##.###
.#..>..... ..#
#........ ..#


You could see 2 wights.

Vanquished Creatures
  An orc warrior (D:4)
  A black bear (D:4)
  An ice beast (D:5)
  2 ogres (D:5)
  A centaur (D:4)
  A phantom (D:4)
  A bullfrog (D:5)
  2 gnoll sergeants
  6 wights (D:5)
  A bombardier beetle (D:5)
  A jelly (D:6)
  An orc priest (D:5)
  2 iguanas
  A sleepcap (D:4)
  3 orc wizards
  14 adders
  10 gnolls
  An ufetubus (D:3)
  3 dart slugs
  17 orcs
  9 endoplasms
  3 giant cockroaches
  4 goblins
  8 hobgoblins
  3 jackals (D:4)
  2 quokkas
  11 ball pythons
  2 bats
  3 frilled lizards
  10 kobolds
  5 rats
130 creatures vanquished.

Notes
Turn   | Place    | Note
-------+----------+-------------------------------------------
     0 | D:1      | Malificent the Oni Gladiator began the quest for the Orb.
     0 | D:1      | Reached XP level 1. HP: 22/22 MP: 1/1
    96 | D:1      | Found a faded altar of an unknown god.
   106 | D:1      | Prayed at the altar of an unknown god.
   106 | D:1      | Became a worshipper of Nemelex Xobeh the Trickster
   106 | D:1      | Reached * piety under Nemelex Xobeh
   121 | D:1      | Received a gift from Nemelex Xobeh
   139 | D:1      | Reached XP level 2. HP: 25/29 MP: 2/2
   942 | D:2      | Reached XP level 3. HP: 36/36 MP: 3/3
  1347 | D:2      | Reached skill level 4 in Maces & Flails
  1355 | D:2      | Reached ** piety under Nemelex Xobeh
  1598 | D:2      | Found a blossoming altar of Fedhas.
  1610 | D:2      | Reached XP level 4. HP: 27/45 MP: 4/4
  2231 | D:3      | Noticed a gnoll sergeant
  2242 | D:3      | Killed a gnoll sergeant
  2243 | D:3      | Reached skill level 1 in Invocations
  2243 | D:3      | Reached XP level 5. HP: 53/53 MP: 5/5
  2249 | D:3      | Reached skill level 5 in Maces & Flails
  2391 | D:3      | Found an ancient bone altar of Kikubaaqudgha.
  2395 | D:3      | Found a hazy altar of Hepliaklqana.
  2395 | D:3      | Found a bloodstained altar of Trog.
  2408 | D:3      | Found a broken altar of Ashenzari.
  2411 | D:3      | Found a glowing silver altar of Zin.
  2452 | D:3      | Found a shimmering altar of Xom.
  2453 | D:3      | Found a shimmering altar of Xom.
  2458 | D:3      | Found a shimmering altar of Xom.
  2459 | D:3      | Found a shimmering altar of Xom.
  2460 | D:3      | Found a shimmering altar of Xom.
  2460 | D:3      | Found a shimmering altar of Xom.
  2462 | D:3      | Found a shimmering altar of Xom.
  3032 | D:3      | Reached XP level 6. HP: 47/61 MP: 7/7
  3316 | D:3      | Found a faded altar of an unknown god.
  3319 | D:3      | Found a snail-covered altar of Cheibriados.
  3990 | D:4      | Reached skill level 6 in Maces & Flails
  3990 | D:4      | Reached XP level 7. HP: 46/68 MP: 8/8
  4141 | D:4      | Identified the staff "Udi Qeot" {rN+ Str+5 Int-5 Stlth+
                  | Earth}
  4170 | D:4      | Received a gift from Nemelex Xobeh
  4332 | D:4      | Reached skill level 1 in Stealth
  5043 | D:4      | Reached *** piety under Nemelex Xobeh
  5052 | D:4      | Found a staircase to the Ecumenical Temple.
  5158 | D:5      | Entered Level 5 of the Dungeon
  5274 | D:5      | Reached skill level 1 in Staves
  5274 | D:5      | Reached XP level 8. HP: 79/79 MP: 10/10
  5298 | D:5      | Found a glowing golden altar of the Shining One.
  5459 | D:5      | Received a gift from Nemelex Xobeh
  5860 | D:5      | Reached skill level 7 in Maces & Flails
  6581 | D:6      | Found Ekkuhig's General Store.
  6638 | D:5      | Reached skill level 8 in Maces & Flails
  6958 | D:6      | Reached XP level 9. HP: 20/77 MP: 12/12
  6958 | D:6      | HP: 3/72 [wight/+3 hand axe (1)]
  6959 | D:6      | Mangled by a wight

Illustrated notes

Levels and vault maps discovered:
D:1:      dpeg_arrival_windows_large_door, layout_basic,
          chequers_ecumenical_altar_grove
D:2:      layout_basic, basic_altar
D:3:      minmay_door_path, layout_basic, nicolae_overflow_ecumenical_swirl,
          minmay_overflow_temple_star_hex, nicolae_xom_altar_mimics, hex_large,
          st_stairs_2, minmay_misc_feat_rows, grunt_decor_clamped,
          chequers_garden, minmay_snake_closets
D:4:      black_bear_nest_1, layout_loops_cross, minmay_temple_entry_fiery,
          hangedman_abyss_or_decor_stagger, kennysheep_big_empty_room,
          serial_bayou_lake_a
D:5:      layout_loops_ring, mainiacjoe_overflow_chevrons, grunt_decor_cap
D:6:      layout_cave_pools, elyvilon_altar_5, serial_shops, shop, shop,
          nicolae_shop_rolling_square, kennysheep_mini_moat, shop,
          grunt_ministairs_5, nicolae_stop_n_shop_1, minmay_alternating_orb,
          uniq_crazy_yiuf_cottage, uniq_menkaure, uniq_sigmund, uniq_jeremiah

Skill      XL: |  1  2  3  4  5  6  7  8 |
---------------+-------------------------+-----
Dodging        | 3 4 |  4.1
Fighting       | 3 4 |  4.9
Maces & Flails | 4 5 6 8 |  8.2
Invocations    | 1 2 3 4 |  4.1
Stealth        | 1 2 |  2.0
Throwing       | 3 4 |  4.4
Staves         | 1 |  1.8

Action                     |  1- 3 |  4- 6 |  7- 9 || total
---------------------------+-------+-------+-------++-------
  Melee: Flail             |    81 |   135 |     4 ||   220
         Headbutt          |     5 |    20 |    32 ||    57
         Staff             |       |       |    73 ||    73
         Giant spiked club |       |       |    93 ||    93
  Throw: Large rock        |     3 |       |       ||     3
         Throwing net      |       |     1 |     4 ||     5
 Invoke: Draw Destruction  |       |     1 |     3 ||     4
    Use: Scroll            |     6 |     9 |     6 ||    21
         Potion            |       |       |     6 ||     6
   Stab: Sleeping          |     1 |     1 |     7 ||     9
         Distracted        |       |     1 |       ||     1
         Held in net/web   |       |       |     1 ||     1
 Armour: Robe              |    56 |   116 |   147 ||   319
         Skin              |       |       |    14 ||    14
  Dodge: Dodged            |    47 |    85 |    90 ||   222

Table legend: (Time is in decaauts)
 A = Elapsed time spent in this place.
 B = Non-inter-level travel time spent in this place.
 C = Inter-level travel time spent in this place.
 D = Time resting spent in this place.
 E = Time spent auto-exploring this place.
 F = Levels seen in this place.
 G = Mean time per level.
                   A        B        C        D        E       F      G
               +--------+--------+--------+--------+--------+-----+--------+
         Total |   7040 |   6908 |    132 |   1953 |   3452 |   6 | 1173.3 |
       Dungeon |   7040 |   6908 |    132 |   1953 |   3452 |   6 | 1173.3 |
               +--------+--------+--------+--------+--------+-----+--------+

Top non-repeatable levels by time:
     D:5: 1779 daAuts
     D:3: 1625 daAuts
     D:4: 1471 daAuts
     D:2: 1192 daAuts
     D:1: 949 daAuts
     D:6: 21 daAuts
